 Dungeon Crawl Stone Soup version 0.30-a0-949-g53dc5368d7 (webtiles) character file.

Game seed: 2185656022664253436

95 MachoJfn the Stinger (level 4, -9/30 HPs)
             Began as a Demonspawn Venom Mage on Mar 27, 2023.
             Was a Believer of Qazlal.
             Killed by divine providence
             ... invoked by an orc priest
              (13 damage)
             ... on level 3 of the Dungeon on Mar 28, 2023.
             The game lasted 00:12:33 (2602 turns).

MachoJfn the Stinger (Demonspawn Venom Mage)        Turns: 2602, Time: 00:12:33

Health: -9/30      AC:  3    Str: 11    XL:     4   Next: 40%
Magic:  1/8        EV: 12    Int: 16    God:    Qazlal [**....]
Gold:   81         SH:  2    Dex: 13    Spells: 5/9 levels left

rFire   . . .      SeeInvis .    c - +0 mace
rCold   . . .      Faith    .    (no shield)
rNeg    . . .      Spirit   .    a - +1 robe
rPois   .          Reflect  .    (no helmet)
rElec   .          Rampage  .    (no cloak)
rCorr   .                        (no gloves)
Will    .....                    (no boots)
Stlth   ++                       (no amulet)
HPRegen 0.25/turn                l - ring of wizardry
MPRegen 0.22/turn                (no ring)

@: mighty
A: magic regeneration
a: Renounce Religion, Upheaval


You were on level 3 of the Dungeon.
You worshipped Qazlal.
Qazlal was pleased with you.
You visited 1 branch of the dungeon, and saw 3 of its levels.

You collected 81 gold pieces.

Inventory:

Hand Weapons
 c - a +0 mace (weapon)
Missiles
 e - 4 boomerangs
 j - 10 stones
Armour
 a - a +1 robe (worn)
Jewellery
 l - a ring of wizardry (left hand)
Scrolls
 g - a scroll of noise {unknown}
 h - a scroll of vulnerability
 n - a scroll of immolation {unknown}
Potions
 b - a potion of magic
 d - a potion of haste
 f - a potion of curing {unknown}
 k - a potion of heal wounds {unknown}
 m - a potion of brilliance {unknown}


   Skills:
 + Level 0.2 Fighting
 + Level 0.5 Maces & Flails
 + Level 2.2 Dodging
 + Level 1.8 Stealth
 * Level 3.0 Spellcasting
 + Level 1.3 Transmutations
 + Level 3.8 Poison Magic


You had 5 spell levels left.
You knew the following spells:

 Your Spells              Type           Power      Damage    Failure   Level
a - Sting                 Tmut/Pois      40%        1d5       2%          1
b - Mephitic Cloud        Conj/Pois/Air  6%         N/A       13%         3

Your spell library contained the following spells:

 Spells                   Type           Power      Damage    Failure   Level
 Poisonous Vapours        Pois/Air       16%        N/A       5%          2
 Apportation              Tloc           4%         N/A       8%          1
 Necrotise                Necr           8%         1d4       8%          1
 Summon Small Mammal      Summ           8%         N/A       8%          1
 Olgreb's Toxic Radiance  Pois           14%        N/A       16%         4


Dungeon Overview and Level Annotations

Branches:
Dungeon (3/15)

Altars:
Qazlal

Shops:
D:1 ?


Innate Abilities, Weirdness & Mutations

You regenerate magic rapidly.


Message History

Qazlal accepts your kill.
An orc comes into view. It is wielding a +0 dagger.
An orc priest comes into view. It is wielding a +0 dagger.
The hobgoblin hits you but does no damage.
Your Spellcasting skill increases to level 3!
You barely miss the hobgoblin.
The orc priest shouts!
The orc priest drinks a potion.
The orc priest seems to speed up.
The hobgoblin closely misses you.
The orc shouts!
You hit the hobgoblin.
You kill the hobgoblin!
Qazlal accepts your kill.
The orc priest looks encouraged for a moment.
The rat barely misses you. You block the orc's attack.
You block the rat's attack.
Okay, then.
You hit the rat.
You kill the rat!
Qazlal accepts your kill.
The orc priest invokes the aid of Beogh against you.
Beogh smites you! The orc hits you with a +0 hand axe.
Your magical contamination has completely faded away.
Casting: Sting (safe; 2% risk of failure)
Confirm with . or Enter, or press ? or * to list all spells.
Aiming: Sting (safe; 2% risk of failure)
Press: ? - help, Shift-Dir - straight line, f - orc priest
Aim: an orc priest, wielding a +0 dagger (fast, 71% to hit)
The sting hits the orc.
The orc is poisoned.
The orc is lightly wounded.
The orc priest mumbles some strange prayers to Beogh against you.
Pain shoots through your body!
* * * LOW HITPOINT WARNING * * *
The orc hits you with a +0 hand axe.
* * * LOW HITPOINT WARNING * * *
Okay, then.
You feel very mighty all of a sudden.
The orc priest invokes the aid of Beogh against you.
Beogh smites you!
You die...

#... #... ... ..
#.# #. #.#
##.####### #.#
##...##...###.#
...#.....<###.##.#
#..).o@## ##.#.#
.......oo# #.#.#
.#####...# ##.#.#
#.##.###....# #.
#..<##### #. #####
#. $.


You could see an orc priest (fast) and 2 orcs.

Vanquished Creatures
  Jessica (D:3)
  2 adders (D:2)
  A worm (D:2)
  A dart slug (D:1)
  An orc (D:3)
  4 endoplasms (D:1)
  2 giant cockroaches (D:1)
  5 goblins (D:1)
  5 hobgoblins
  4 jackals (D:2)
  A quokka (D:2)
  4 ball pythons
  3 bats
  2 frilled lizards (D:2)
  3 kobolds
  4 rats
43 creatures vanquished.

Notes
Turn   | Place    | Note
-------+----------+-------------------------------------------
     0 | D:1      | MachoJfn the Demonspawn Venom Mage began the quest for the
                  | Orb.
     0 | D:1      | Reached XP level 1. HP: 13/13 MP: 3/3
   281 | D:1      | Found Luwn's Magic Scroll Shop.
   298 | D:1      | Found a faded altar of an unknown god.
   305 | D:1      | Prayed at the altar of an unknown god.
   305 | D:1      | Became a worshipper of Qazlal Stormbringer
   305 | D:1      | Reached * piety under Qazlal
   341 | D:1      | Gained mutation: You regenerate magic rapidly. [demonic
                  | ancestry]
   341 | D:1      | Reached XP level 2. HP: 19/19 MP: 1/5
   596 | D:1      | Reached skill level 1 in Transmutations
  1622 | D:2      | Reached XP level 3. HP: 4/24 MP: 4/6
  1717 | D:2      | Learned a level 3 spell: Mephitic Cloud
  1889 | D:2      | Reached ** piety under Qazlal
  2585 | D:3      | Noticed Jessica
  2594 | D:3      | Killed Jessica
  2595 | D:3      | Reached XP level 4. HP: 30/30 MP: 1/8
  2602 | D:3      | Killed from afar by an orc priest

Illustrated notes

Levels and vault maps discovered:
D:1:      minmay_arrival_five_plusses, layout_basic, serial_shops,
          nicolae_shop_behind_doors, chequers_ecumenical_altar_simple
D:2:      layout_loops_ring
D:3:      layout_loops_cross, minitemple, reono_crystal_passage,
          minmay_checkerbox, uniq_robin, uniq_jessica

Skill      XL: |  1  2  3  4 |
---------------+-------------+-----
Dodging        | 2 |  2.2
Transmutations | 1 |  1.3
Spellcasting   | 3 |  3.0
Fighting       | |  0.2
Maces & Flails | |  0.5
Stealth        | |  1.8
Poison Magic   | |  3.8

Action                     |  1- 3 |  4- 6 || total
---------------------------+-------+-------++-------
  Melee: Mace              |    49 |     3 ||    52
   Cast: Sting             |    75 |     1 ||    76
         Mephitic Cloud    |     2 |       ||     2
    Use: Scroll            |     3 |       ||     3
         Potion            |     1 |     1 ||     2
 Armour: Robe              |    21 |     1 ||    22
  Dodge: Dodged            |    49 |     2 ||    51
  Block: Other             |     9 |     2 ||    11

Table legend: (Time is in decaauts)
 A = Elapsed time spent in this place.
 B = Non-inter-level travel time spent in this place.
 C = Inter-level travel time spent in this place.
 D = Time resting spent in this place.
 E = Time spent auto-exploring this place.
 F = Levels seen in this place.
 G = Mean time per level.
                   A        B        C        D        E       F      G
               +--------+--------+--------+--------+--------+-----+--------+
         Total |   2603 |   1892 |    711 |    154 |   1398 |   3 |  867.7 |
       Dungeon |   2603 |   1892 |    711 |    154 |   1398 |   3 |  867.7 |
               +--------+--------+--------+--------+--------+-----+--------+

Top non-repeatable levels by time:
     D:1: 1663 daAuts
     D:2: 906 daAuts
     D:3: 33 daAuts
